 Dungeon Crawl Stone Soup version 0.29.0-5-ge4962eb29e (webtiles) character file.

Game seed: 12088499751864487799

336 Lochraine the Cudgeller (level 6, -2/47 (52) HPs)
             Began as a Minotaur Enchanter on Aug 28, 2022.
             Was an Initiate of Dithmenos.
             Slain by Duvessa
             ... wielding a +0 rapier
              (5 damage)
             ... on level 5 of the Dungeon.
             The game lasted 00:08:06 (2591 turns).

Lochraine the Cudgeller (Minotaur Enchanter)        Turns: 2591, Time: 00:08:06

HP:   -2/47 (52)    AC:  9    Str: 19    XL:     6   Next: 28%
MP:   7/7           EV: 10    Int: 12    God:    Dithmenos [......]
Gold: 89            SH:  0    Dex: 10    Spells: 7/7 levels left

rFire   . . .      SeeInvis .   g - +2 whip (venom)
rCold   . . .      Faith    .   (no shield)
rNeg    . . .      Spirit   .   i - +0 scale mail
rPois   .          Reflect  .   (helmet restricted)
rElec   .          Harm     .   (no cloak)
rCorr   +          Rampage  .   (no gloves)
Will    .....                   u - +1 pair of boots of the Ladybird {Str+4}
Stlth   +.........              n - amulet of regeneration
HPRegen 0.95/turn               l - ring of resist corrosion
MPRegen 0.10/turn               (no ring)

@: attractive, drained, invisible
A: horns 2, retaliatory headbutt
a: Renounce Religion


You were on level 5 of the Dungeon.
You worshipped Dithmenos.
Dithmenos was noncommittal.
You visited 1 branch of the dungeon, and saw 5 of its levels.

You collected 89 gold pieces.

Inventory:

Hand Weapons
 g - a +2 whip of venom (weapon)
   (You found it on level 1 of the Dungeon)
 p - a +2 short sword of venom
   (You took it off a kobold on level 1 of the Dungeon)
Missiles
 D - 6 javelins (quivered)
Armour
 i - a +0 scale mail (worn)
   (You found it on level 1 of the Dungeon)
 u - the +1 pair of boots of the Ladybird (worn) {Str+4}
   (You found it on level 2 of the Dungeon)

   Str:       It affects your strength (+4).
Jewellery
 a - a ring of fire
   (You found it on level 5 of the Dungeon)
 l - a ring of resist corrosion (left hand)
   (You found it on level 1 of the Dungeon)
 n - an amulet of regeneration (around neck)
   (You found it on level 1 of the Dungeon)
Wands
 t - a wand of flame (24)
   (You found it on level 3 of the Dungeon)
Scrolls
 f - 2 scrolls of poison {unknown}
 h - a scroll of teleportation {unknown}
 j - a scroll of fear {unknown}
 m - a scroll of identify {@r1}
 r - a scroll of immolation {!r}
 s - 2 scrolls of blinking {unknown}
 B - a scroll of butterflies {unknown}
 G - a scroll of amnesia {unknown}
Potions
 c - 2 potions of invisibility
 d - 2 potions of lignification {!q}
 e - 2 potions of mutation {unknown}
 k - 5 potions of curing {unknown}
 q - a potion of resistance
 w - 2 potions of brilliance
 J - a potion of attraction {!q}


   Skills:
 + Level 3.8 Fighting
 - Level 1.2 Short Blades
 + Level 3.9 Maces & Flails
 + Level 3.6 Armour
 - Level 2.4 Dodging
 + Level 3.2 Stealth
 - Level 1.3 Spellcasting
 - Level 2.0 Hexes


You had 7 spell levels left.
You didn't know any spells.
Your spell library contained the following spells:

 Spells                   Type           Power      Damage    Failure   Level
 Necrotise                Necr           0%         1d4       63%         1
 Summon Small Mammal      Summ           0%         N/A       63%         1
 Ensorcelled Hibernation  Hex/Ice        6%         N/A       63%         2
 Confusing Touch          Hex            5%         N/A       73%         3
 Tukima's Dance           Hex            5%         N/A       73%         3
 Dazzling Flash           Conj/Hex       6%         N/A       86%         3
 Summon Guardian Golem    Hex/Summ       3%         N/A       86%         3
 Call Canine Familiar     Summ           0%         N/A       94%         3
 Agony                    Necr           0%         N/A       100%        5
 Death Channel            Necr           0%         N/A       100%        6
 Borgnjor's Revivificati  Necr           0%         N/A       100%        8


Dungeon Overview and Level Annotations

Branches:
Dungeon (5/15)
 Temple: D:4-7

Altars:
Dithmenos
Wu Jian
Zin

Annotations:
D:3 1 runed translucent door, shugdite's ghost, amateur MiFi
D:5 Duvessa


Innate Abilities, Weirdness & Mutations

You have a pair of horns on your head.
You reflexively headbutt those who attack you in melee.


Message History

You start putting on your armour.
You continue putting on the +1 pair of boots of the Ladybird {Str+4}. x4
You finish putting on the +1 pair of boots of the Ladybird {Str+4}.
You feel stronger.
You drop a +0 scale mail.
You drop a +0 robe. x3
You drop a +0 leather armour.
You drop a +0 robe. x3
As you open the door, it creaks loudly!
Duvessa, Sister of Dowan comes into view.
She is wielding a +0 rapier.
Duvessa shouts!
Duvessa goes berserk!
You hear a shout!
Okay, then.
Unknown command.
Here: Duvessa, wielding a +0 rapier and wearing a +0 ring mail (berserk)
An open door.
You barely miss Duvessa. Your headbutt misses Duvessa. Duvessa misses you.
You hit Duvessa. You headbutt Duvessa, but do no damage.
Duvessa hits you with a +0 rapier! Duvessa hits you with a +0 rapier.
You fade into invisibility!
Duvessa hits you with a +0 rapier.
You hit Duvessa but do no damage. You headbutt Duvessa. Duvessa misses you.
Duvessa hits you with a +0 rapier!
* * * LOW HITPOINT WARNING * * *
You hit Duvessa but do no damage. Your headbutt misses Duvessa.
Duvessa barely misses you.
You hit Duvessa but do no damage.
Duvessa is poisoned.
Your punch misses Duvessa. Duvessa hits you with a +0 rapier!
* * * LOW HITPOINT WARNING * * *
An orc comes into view. It is wielding a +0 hand axe.
Duvessa barely misses you.
You hear a shout!
Okay, then.
You barely miss Duvessa. Your headbutt misses Duvessa.
The orc shouts!
Duvessa hits you with a +0 rapier.
* * * LOW HITPOINT WARNING * * *
Duvessa rages.
Duvessa hits you with a +0 rapier.
* * * LOW HITPOINT WARNING * * *
Items here: [[[[[[[[.
You hit Duvessa but do no damage.
Duvessa looks as sick as possible!
Duvessa barely misses you. Duvessa hits you with a +0 rapier.
* * * LOW HITPOINT WARNING * * *
It was a potion of attraction.
You feel attractive to monsters. Duvessa hits you with a +0 rapier.
You die...

###.#.# .....# #######
###...## ........
....>.
#........###..#########
.......'............#
.....##....#..###.#
#o####....#.....<#
#...e@[...#.####.# #
######.#..#....).#.#
................##
####.#.............#
#............####.##
#.#.####...###.# .#
#.#.##.....# #.# .#
#.#.##.#...# #.# #
#.#.##.#)..# #..


You could see Duvessa (berserk, unable to see you, extremely poisoned) and an
orc (unable to see you).

Vanquished Creatures
  A wight (D:5)
  Dowan (D:5)
  A hound (D:5)
  A jelly (D:4)
  2 orc wizards
  3 adders
  2 worms
  4 dart slugs
  8 orcs
  4 endoplasms
  4 giant cockroaches
  5 hobgoblins
  10 jackals
  7 quokkas
  2 ball pythons
  5 bats
  A frilled lizard (D:3)
  6 goblins
  6 kobolds
  3 rats
76 creatures vanquished.

Notes
Turn   | Place    | Note
-------+----------+-------------------------------------------
     0 | D:1      | Lochraine the Minotaur Enchanter began the quest for the
                  | Orb.
     0 | D:1      | Reached XP level 1. HP: 14/14 MP: 1/1
   331 | D:1      | Reached XP level 2. HP: 22/22 MP: 3/3
   343 | D:1      | Reached skill level 1 in Fighting
   395 | D:1      | Reached skill level 1 in Maces & Flails
   858 | D:1      | Reached skill level 1 in Armour
  1270 | D:2      | Got the Precepts of Profane Rites
  1296 | D:2      | Reached XP level 3. HP: 28/28 MP: 4/4
  1345 | D:2      | Identified the +1 pair of boots of the Ladybird {Str+4}
  1467 | D:2      | Reached XP level 4. HP: 33/36 MP: 5/5
  1700 | D:2      | Found a faded altar of an unknown god.
  1879 | D:3      | Found a shadowy altar of Dithmenos.
  1896 | D:3      | Became a worshipper of Dithmenos the Shadowed
  1940 | D:3      | Found a glowing silver altar of Zin.
  2073 | D:3      | Found a runed translucent door.
  2073 | D:3      | Noticed a bullfrog
  2073 | D:3      | Noticed shugdite's ghost (amateur MiFi)
  2204 | D:3      | Found an ornate altar of the Wu Jian Council.
  2330 | D:4      | You fall into a shaft and drop 1 floor!
  2330 | D:5      | Entered Level 5 of the Dungeon
  2385 | D:5      | Noticed Dowan
  2396 | D:5      | Reached XP level 5. HP: 44/44 MP: 6/6
  2421 | D:5      | Killed Dowan
  2483 | D:4      | Reached XP level 6. HP: 49/51 MP: 7/7
  2579 | D:5      | Noticed Duvessa
  2590 | D:5      | HP: 2/47 [Duvessa/+0 rapier (5)]
  2591 | D:5      | Slain by Duvessa

Illustrated notes

Levels and vault maps discovered:
D:1:      dpeg_arrival_arbitrary_c, layout_basic, hangedman_decor_opposing
D:2:      layout_rooms, shapermc_ecumenical_altar_mp_vishouse
D:3:      layout_rooms, nicolae_dithmenos_the_darkroom,
          mainiacjoe_overflow_cross_hatched, zin_statuary,
          ebering_ghost_inner_flame
D:4:      layout_rooms, nicolae_ru_awakened_eye, minmay_temple_entry_large_hall
D:5:      layout_basic, uniq_menkaure, uniq_grinder, uniq_eustachio,
          uniq_duvessa

Skill      XL: |  1  2  3  4  5 |
---------------+----------------+-----
Fighting       | 1 2 3 |  3.8
Maces & Flails | 1 2 3 |  3.9
Armour         | 1 2 3 |  3.6
Stealth        | 3 |  3.2
Short Blades   | |  1.2
Dodging        | |  2.4
Spellcasting   | |  1.3
Hexes          | |  2.0

Action                   |  1- 3 |  4- 6 || total
-------------------------+-------+-------++-------
Melee: Whip              |    81 |    93 ||   174
       Dagger            |     5 |       ||     5
       Headbutt          |    10 |    18 ||    28
       Punch             |     2 |       ||     2
  Use: Scroll            |       |     4 ||     4
       Potion            |       |     3 ||     3
 Stab: Sleeping          |     1 |       ||     1
Armor: Robe              |     3 |       ||     3
       Scale mail        |    34 |    24 ||    58
Dodge: Dodged            |    44 |    34 ||    78
